 Dungeon Crawl Stone Soup version 0.25.0-41-g26779e2 (webtiles) character file.

Game seed: 11560260618390536811

64 sieger the Skirmisher (level 3, 0/29 HPs)
             Began as a Demonspawn Fighter on July 10, 2020.
             Succumbed to an adder's poison
             ... on level 2 of the Dungeon.
             The game lasted 00:05:20 (1470 turns).

sieger the Skirmisher (Demonspawn Fighter)          Turns: 1470, Time: 00:05:20

Health: 0/29       AC:  6    Str: 17    XL:     3   Next: 91%
Magic:  3/3        EV:  7    Int:  9    God:
Gold:   79         SH:  9    Dex: 12    Spells: 2/2 levels left

rFire    . . .     SeeInvis .   a - +0 war axe
rCold    . . .     Gourm    .   c - +0 kite shield
rNeg     . . .     Faith    .   b - +0 scale mail
rPois    .         Spirit   .   (helmet restricted)
rElec    .         Reflect  .   (no cloak)
rCorr    .         Harm     .   (no gloves)
MR       .....                  (no boots)
Stlth    ..........             (no amulet)
HPRegen  0.09/turn              (no ring)
MPRegen  0.08/turn              (no ring)

@: lethally poisoned (0 -> -7)
A: claws 1, horns 1
a: no special abilities


You were on level 2 of the Dungeon.
You were not hungry.

You visited 1 branch of the dungeon, and saw 2 of its levels.

You collected 79 gold pieces.

Inventory:

Hand Weapons
 a - a +0 war axe (weapon)
Missiles
 h - 13 sling bullets
 i - 80 stones (quivered)
 o - 7 boomerangs
Armour
 b - a +0 scale mail (worn)
 c - a +0 kite shield (worn)
 g - a +2 pair of boots
Jewellery
 l - an uncursed amulet of guardian spirit {unknown}
 m - a cursed ring of attention {unknown}
Scrolls
 e - a scroll of immolation {unknown}
 j - 5 scrolls of identify {unknown}
 p - a scroll of fog {unknown}
Potions
 d - a potion of might
 n - a potion of curing
Comestibles
 f - 2 rations
 k - a chunk of flesh


   Skills:
 + Level 3.4 Fighting
 + Level 2.3 Axes
 + Level 1.2 Throwing
 + Level 3.1 Armour
 + Level 3.1 Shields


You had 2 spell levels left.
You didn't know any spells.
Your spell library was empty.

Dungeon Overview and Level Annotations

Branches:
Dungeon (2/15)

Altars:
Hepliaklqana


Innate Abilities, Weirdness & Mutations

You have sharp fingernails.
You have a pair of small horns on your head.


Message History

The adder poisons you!
You completely miss the adder. Your headbutt misses the adder.
The adder is heavily wounded.
You slash the bat!
You kill the bat!
* * * LOW HITPOINT WARNING * * *
You feel sick. You block the adder's attack. x2
You miss the adder.
The adder is heavily wounded.
* * * LOW HITPOINT WARNING * * *
You feel sick. You block the adder's attack. The adder barely misses you.
You barely miss the adder.
The adder is heavily wounded.
You hit the kobold.
You kill the kobold!
* * * LOW HITPOINT WARNING * * *
You feel sick. The adder completely misses you. You block the adder's attack.
You slash the adder!
You kill the adder!
You die...

# ############.. # #.) #
.##### #..... # K....
####.# # .P.. #### .... .%.
#####...### ##.## ####
#..###.........# .. #...#
#..#...†#....# # ...
##...####..#...)@....#.###
#.........).##.#.....#...
#...........##.#........
............##.#.##..###>..
............##.#.##..>.....
.÷..#.#.....##...##.#######
....#.#.....#######.##
....#.#..............#
......#.....########.#


There were no monsters in sight!

Vanquished Creatures
  3 adders (D:2)
  2 dart slugs (D:2)
  A leopard gecko (D:1)
  8 bats
  2 giant cockroaches (D:1)
  A hobgoblin (D:2)
  A frilled lizard (D:2)
  5 goblins (D:1)
  6 kobolds
  7 rats
36 creatures vanquished.

Notes
Turn   | Place    | Note
-------+----------+-------------------------------------------
     0 | D:1      | sieger the Demonspawn Fighter began the quest for the Orb.
     0 | D:1      | Reached XP level 1. HP: 18/18 MP: 1/1
   264 | D:1      | Gained mutation: You have a pair of small horns on your
                  | head. [demonic ancestry]
   264 | D:1      | Reached XP level 2. HP: 24/24 MP: 2/2
  1156 | D:2      | Gained mutation: You have sharp fingernails. [demonic
                  | ancestry]
  1156 | D:2      | Reached XP level 3. HP: 29/29 MP: 3/3
  1172 | D:2      | Reached skill level 1 in Throwing
  1421 | D:2      | Found a hazy altar of Hepliaklqana.
  1469 | D:2      | HP: 1/29 [poisoned by an adder]
  1470 | D:2      | Succumbed to an adder's poison

Illustrated notes

Levels and vault maps discovered:
D:1:      lemuel_arrival_funnel, layout_loops_ring, eino_curves_04,
          minmay_cut_off
D:2:      layout_basic, nicolae_overflow_crystal_walls,
          chequers_ecumenical_altar_lobes, kennysheep_path_1

Skill      XL: |  1  2  3 |
---------------+----------+-----
Axes           | 2 |  2.3
Throwing       | 1 |  1.2
Shields        | 3 |  3.1
Armour         | 3 |  3.1
Fighting       | |  3.4

Action                   || total
-------------------------++-------
Melee: War axe           ||   102
       Headbutt          ||    12
  Use: Potion            ||     1
  Eat: Chunk             ||     2
Armor: Scale mail        ||    60
Dodge: Dodged            ||    39
Block: Kite shield       ||    64
